AoeStats
← ArmoV

Arabia

510286283Analyzed
2v2 RM · 1d ago on Sep 30, 2026· 42m 2s· 4 players
Game mode
Random Map
Map size
Medium (4 player)
Population
200
Speed
Normal
Resources
Standard
Victory
Conquest
Starting age
Dark Age
Ending age
Imperial Age
RankedLock teamsTeams togetherTeam positionsShared explorationLock speedFull tech treeHidden civsTurbo modeCheats
Victory
Defeat
🇧🇪 Muisca · Belgium
1228
+15
🇫🇷 Lithuanians · France
1227
+15
🇳🇱 Japanese · Netherlands
1224
-16
🇬🇷 Bohemians · Greece
1182
-14
aggelius
5:43 Loom
9:14 Feudal Age
10:00 Double-Bit Axe
23:27 Castle Age
22:21 Fletching
22:32 Padded Archer Armor
22:29 Gold Mining
24:23 Bloodlines
24:13 Husbandry
24:11 Bodkin Arrow
26:54 Bow Saw
30:49 Leather Archer Armor
31:25 Crossbowman
32:13 Thumb Ring
33:38 Ballistics
35:32 Horse Collar
40:37 Imperial Age
38:44 Wheelbarrow
37:55 Town Watch
38:43 Elite Skirmisher
40:55 Heavy Cavalry Archer
ArmoV
6:17 Loom
9:15 Feudal Age
9:48 Double-Bit Axe
13:28 Fletching
24:29 Castle Age
24:56 Horse Collar
25:27 Bodkin Arrow
24:54 Crossbowman
27:36 Wheelbarrow
27:54 Fervor
30:12 Bow Saw
35:10 Imperial Age
33:12 Scale Mail Armor
33:15 Squires
34:18 Wagenburg Tactics
34:15 Pikeman
37:36 Chemistry
38:55 Block Printing
41:50 Conscription
41:05 Halberdier
42:39 Chain Mail Armor
42:35 Forging
IneedMoney$
6:56 Loom
9:25 Feudal Age
9:43 Man-at-Arms
16:18 Scale Barding Armor
18:12 Wheelbarrow
18:47 Double-Bit Axe
22:44 Castle Age
20:49 Horse Collar
21:00 Gold Mining
21:54 Bloodlines
22:00 Fletching
22:51 Forging
23:06 Padded Archer Armor
23:54 Bodkin Arrow
25:22 Leather Archer Armor
28:29 Elite Skirmisher
30:19 Chain Barding Armor
30:03 Husbandry
31:27 Ballistics
32:04 Hand Cart
33:14 Iron Casting
36:16 Heavy Plow
36:27 Bow Saw
36:09 Stone Mining
39:12 Imperial Age
38:40 Thumb Ring
39:21 Cavalier
41:00 Plate Barding Armor
41:36 Crop Rotation
42:57 Chemistry
Sun
7:23 Loom
9:38 Feudal Age
11:52 Fletching
13:58 Padded Archer Armor
18:32 Horse Collar
18:40 Double-Bit Axe
24:55 Castle Age
25:03 Gold Mining
25:19 Crossbowman
26:33 Thumb Ring
29:54 Wheelbarrow
30:28 Ballistics
32:23 Bodkin Arrow
36:55 Bow Saw
37:05 Leather Archer Armor
37:11 Heavy Plow
41:28 Hand Cart
40:59 Town Watch
Connection lost

Rejoining the realm…

Still unreachable

The connection could not be restored.

Session expired

The server has moved on; the page needs a fresh start.